 Dungeon Crawl Stone Soup version 0.24.0-35-gdb84b6a5db (webtiles) character file.

Game seed: 15464307222398218634, levelgen mode: deterministic

534350 theswoord the Slayer (level 25, -11/253 HPs)
             Began as a Minotaur Fighter on Nov 16, 2019.
             Was a High Priest of Wu Jian.
             Mangled by a titan (18 damage)
             ... on level 5 of the Vaults on Nov 18, 2019.
             The game lasted 02:40:41 (51726 turns).

theswoord the Slayer (Minotaur Fighter)            Turns: 51726, Time: 02:40:42

Health: -11/253    AC: 35    Str: 28    XL:     25   Next: 6%
Magic:  25/25      EV: 30    Int:  5    God:    Wu Jian [*****.]
Gold:   4090       SH:  0    Dex: 24    Spells: 22/24 levels left

rFire    + + +     SeeInvis +   M - +8 great sword "Killer Klown's Peril" {elec, rF++ Str+4 Dex+5}
rCold    . . .     Gourm    .   (shield currently unavailable)
rNeg     . . .     Faith    +   x - +3 chain mail "Ceor" {*Drain rF++ Slay+2 SInv}
rPois    .         Spirit   .   c - +0 hat
rElec    .         Reflect  .   d - +2 cloak
rCorr    .         Harm     .   r - +1 pair of gloves
MR       +....                  R - +2 pair of boots
Stlth    ..........             I - amulet of faith
HPRegen  0.52/turn              v - +2 ring of evasion
MPRegen  0.19/turn              B - +5 ring of protection

@: about to teleport
A: retaliatory headbutt, horns 2
}: 2/15 runes: decaying, gossamer
a: Wall Jump, Serpent's Lash, Heavenly Storm, Renounce Religion


You were on level 5 of the Vaults.
You worshipped Wu Jian.
Wu Jian was extremely pleased with you.
You were not hungry.

You visited 8 branches of the dungeon, and saw 42 of its levels.
You visited the Abyss 1 time.
You also visited: Gauntlet and Ice Cave.

You collected 5431 gold pieces.
You spent 1341 gold pieces at shops.

Inventory:

Hand Weapons
 M - the +8 great sword "Killer Klown's Peril" (weapon) {elec, rF++ Str+4 Dex+5}
   (You found it in an ice cave)

   Occasionally, upon striking a foe, it will discharge some electrical energy
   and cause terrible harm.
   It affects your strength (+4).
   It affects your dexterity (+5).
   It greatly protects you from fire.
Armour
 c - a +0 hat (worn)
 d - a +2 cloak (worn)
 r - a +1 pair of gloves (worn)
 x - the +3 chain mail "Ceor" (worn) {*Drain rF++ Slay+2 SInv}
   (You bought it in a shop on level 15 of the Dungeon)

   It affects your accuracy and damage with ranged weapons and melee attacks
   (+2).
   It greatly protects you from fire.
   It lets you see invisible.
   It causes draining when unequipped.
 y - a +1 hat
 R - a +2 pair of boots (worn)
Jewellery
 a - a +3 amulet of reflection
 e - an uncursed ring of protection from fire
 m - the ring of the Distant Future {rF+ MP+9 Int+3}
   (You found it on level 2 of the Depths)

   [ring of intelligence]

   It affects your intelligence (+3).
   It protects you from fire.
   It affects your magic capacity (+9).
 v - a +2 ring of evasion (left hand)
 B - a +5 ring of protection (right hand)
 I - an amulet of faith (around neck)
Wands
 t - a wand of digging (19)
 D - a wand of paralysis (6)
 N - a wand of acid (10)
 S - a wand of clouds (4)
Scrolls
 b - 4 scrolls of enchant armour
 h - 26 scrolls of remove curse
 i - a scroll of amnesia
 l - 3 scrolls of teleportation
 o - a scroll of torment
 p - 4 scrolls of enchant weapon
 u - 6 scrolls of magic mapping
 E - a scroll of fog
 F - 6 scrolls of fear
 J - 3 scrolls of immolation
 P - 2 scrolls of blinking
 T - 7 scrolls of identify
 U - 3 scrolls of silence
 V - 6 scrolls of brand weapon
 Y - 3 scrolls of vulnerability
Potions
 g - 4 potions of magic
 j - 15 potions of flight
 k - 2 potions of haste
 n - 11 potions of brilliance
 q - 8 potions of curing
 s - 7 potions of ambrosia
 w - a potion of heal wounds
 z - 3 potions of cancellation
 A - 8 potions of mutation
 C - 6 potions of berserk rage
 G - 11 potions of lignification
 H - a potion of might
 L - 2 potions of resistance
 O - 3 potions of agility
 Q - 7 potions of invisibility
Comestibles
 f - 59 rations


   Skills:
 - Level 25.8 Fighting
 - Level 20.0 Long Blades
 - Level 23.4 Armour
 - Level 22.1 Dodging
   Level 9.9 Shields
 + Level 7.7 Charms
   Level 5.2 Invocations


You had 22 spell levels left.
You knew the following spells:

 Your Spells              Type           Power        Failure   Level  Hunger
a - Song of Slaying       Chrm           #.......     9%          2    ###....

Your spell library contained the following spells:

 Spells                   Type           Power        Failure   Level  Hunger
 Infusion                 Chrm           #...         5%          1    ##.....
 Shroud of Golubria       Chrm/Tloc      #.....       38%         2    ###....
 Regeneration             Chrm/Necr      #.........   63%         3    ####...
 Spectral Weapon          Hex/Chrm       #.......     63%         3    ####...
 Corona                   Hex            #......      78%         1    ##.....
 Magic Dart               Conj           #...         78%         1    ##.....
 Summon Small Mammal      Summ           #...         78%         1    ##.....
 Call Imp                 Summ           #.......     89%         2    ###....
 Searing Ray              Conj           #.....       89%         2    ###....
 Slow                     Hex            #.......     89%         2    ###....
 Sublimation of Blood     Necr           #.........   89%         2    ###....
 Call Canine Familiar     Summ           #.......     98%         3    ####...
 Dazzling Spray           Conj/Hex       #.....       98%         3    ####...
 Ignite Poison            Fire/Tmut/Pois #.......     98%         3    ####...
 Inner Flame              Hex/Fire       #.......     98%         3    ####...
 Portal Projectile        Hex/Tloc       #.....       98%         3    ####...
 Static Discharge         Conj/Air       #.......     98%         3    ####...
 Summon Guardian Golem    Hex/Summ       #.......     98%         3    ####...
 Cause Fear               Hex            #.........   100%        4    #####..
 Force Lance              Conj/Tloc      #.......     100%        4    #####..
 Fulminant Prism          Conj/Hex       #.........   100%        4    #####..
 Iskenderun's Mystic Bla  Conj           #.......     100%        4    #####..
 Leda's Liquefaction      Hex/Erth       #.........   100%        4    #####..
 Petrify                  Tmut/Erth      #.......     100%        4    #####..
 Summon Ice Beast         Ice/Summ       #.......     100%        4    #####..
 Summon Lightning Spire   Summ/Air       #.......     100%        4    #####..
 Alistair's Intoxication  Tmut/Pois      #.......     100%        5    ######.
 Irradiate                Conj/Tmut      #.........   100%        5    ######.
 Lightning Bolt           Conj/Air       #.........   100%        5    ######.
 Hydra Form               Tmut           #.........   100%        6    #######
 Statue Form              Tmut/Erth      #........    100%        6    #######
 Dragon Form              Tmut           #.........   100%        7    #######
 Ignition                 Fire           #.........   100%        8    #######
 Shatter                  Erth           #.........   100%        9    #######
 Tornado                  Air            #.........   100%        9    #######


Dungeon Overview and Level Annotations

Branches:
Dungeon (15/15)            Temple (1/1) D:7            Lair (6/6) D:10
  Swamp (4/4) Lair:2       Spider (4/4) Lair:4        Slime (0/5) Lair:6
    Orc (2/2) D:9             Elf (0/3) Orc:2        Vaults (5/5) D:13
  Crypt (0/3) Vaults:2     Depths (5/5) D:15            Zot (0/5) Depths:5
  IceCv (visited)         Gauntlet (visited)

Altars:
Ashenzari
Cheibriados
Dithmenos
Elyvilon
Fedhas
Gozag
Hepliaklqana
Kikubaaqudgha
Makhleb
Nemelex Xobeh
Qazlal
Ru
Sif Muna
Uskayaw
Vehumet
Wu Jian
Xom
Yredelemnul
The Shining One
Beogh
Jiyva

Shops:
D:9 (   D:15 [(*(=   Orc:2 %[%(   Vaults:1 [   Vaults:2 %   Depths:1 [

Portals:
Hell: Depths:1 Depths:2 Depths:3 Depths:4 Depths:5
Abyss: Depths:4
Pandemonium: Depths:2 Depths:3
Ziggurat: Depths:1
Trove: Vaults:2 (give +8 demon whip)

Annotations:
Vaults:5 Mara


Innate Abilities, Weirdness & Mutations

You reflexively headbutt those who attack you in melee.
You have a pair of horns on your head.


Message History

You feel strangely unstable.
The yaktaur captain shouts!
The yaktaur captain wields a cursed +0 arbalest.
The yaktaur captain shoots a bolt.
The bolt closely misses you.
The titan waves its arms in wide circles.
The air twists around and strikes you!
* * * LOW HITPOINT WARNING * * *
The deep elf annihilator casts a spell at you.
The iron shot hits you.
* * * LOW HITPOINT WARNING * * *
You feel much better.
Your song has ended.
You hear a shout!
You hear a howl!
The tengu reaver casts a spell at you. The bolt of lightning hits you!!
* * * LOW HITPOINT WARNING * * *
A stone giant comes into view.
An ettin comes into view.
It is wielding a +3 dire flail and a +0 dire flail.
The titan hits you!!
You die...

#################
.................
......e@..o......
#######C.)...)c..
..e.T)....#.#
.....Y#...o##
####..#....#
...#....#
.C..#.[.Q#
..#.C#.C..#


You could see a titan, a frost giant, a stone giant, a tengu reaver, a yaktaur
captain, an orc knight, 2 deep elf annihilators, an ettin, a troll, an orc
warrior and an ice beast.

Vanquished Creatures
  Mennas (Vaults:4)
  Sojobo (Vaults:5)
  Bai Suzhen (Swamp:4)
  Boris (Depths:4)
  the Lernaean hydra (Swamp:4)
  Jory (Vaults:5)
  Arachne (Spider:4)
  A golden dragon (Depths:3)
  A bone dragon (Depths:5)
  Jorgrun (Spider:3)
  Rupert (D:13)
  4 tentacled monstrosities
  A lich (Depths:2)
  2 titans
  An ancient champion (Depths:2)
  2 quicksilver dragons
  A thorn hunter (Swamp:1)
  6 sphinxes
  A draconian monk (Depths:5)
  2 storm dragons
  2 shadow dragons
  2 tengu reavers
  Donald (Spider:2)
  Kirke (Lair:5)
  8 fire giants
  15 frost giants
  Louise (Spider:4)
  A caustic shrike zombie (Depths:1)
  6 emperor scorpions
  2 deep elf sorcerers
  2 orc warlords
  3 ghost moths (Spider:4)
  16 vault wardens
  A draconian shifter (Depths:5)
  A ghoul (Depths:2)
  A war gargoyle (Vaults:4)
  18 ironheart preservers
  18 very ugly things
  18 stone giants
  7 entropy weavers
  Nessos (Lair:4)
  A vampire knight (Depths:3)
  3 dire elephants (Lair:6)
  5 deep elf annihilators
  A minotaur (Gauntlet)
  3 white draconians (Depths:5)
  A red draconian (Depths:5)
  A purple draconian (Depths:5)
  11 spark wasps
  17 ettins
  2 deep elf high priests
  2 deep elf death magi (Vaults:3)
  23 yaktaur captains
  A merfolk impaler (Depths:1)
  4 jiangshi
  10 fire dragons
  5 rakshasas
  24 hydras
  2 shambling mangroves
  10 ice dragons
  4 ghost crabs
  9 spriggan air magi
  8 great orbs of eyes
  30 vault guards
  16 centaur warriors
  A juggernaut simulacrum (Depths:1)
  Erica (D:8)
  An anaconda (Lair:6)
  A catoblepas (Lair:5)
  A satyr (shapeshifter) (Vaults:4)
  45 two-headed ogres
  12 alligators
  5 death knights
  2 vampire magi
  7 deep troll shamans
  7 tengu warriors
  8 death yaks
  15 ogre magi
  8 deep troll earth magi
  3 orc high priests
  3 spriggan berserkers
  A small abomination (Vaults:3)
  A naga sharpshooter (Depths:2)
  6 deep elf knights
  14 skeletal warriors
  2 iron trolls (Depths:4)
  A storm dragon skeleton (Depths:1)
  3 shadow wraiths
  19 deep trolls
  7 hell knights
  2 spriggan druids
  5 glowing orange brains
  A swamp dragon (shapeshifter) (Vaults:5)
  3 unseen horrors
  3 flayed ghosts
  15 swamp dragons
  7 deep elf archers
  14 ironbrand convokers
  A wizard (Depths:3)
  3 harpies (Vaults:5)
  5 phantasmal warriors
  A stone giant zombie (Depths:1)
  12 orc knights
  5 necromancers
  15 deep elf magi
  A harpy (shapeshifter) (Depths:1)
  3 orb spiders (shapeshifter)
  4 orc sorcerers
  A shining eye (Gauntlet)
  34 wolf spiders
  14 orb spiders
  The ghost of EriolAelfwine the Charmwright, a novice MfSk of Okawaru (D:7)
  2 oklob plants
  9 cyclopes
  2 manticores
  2 moths of wrath
  53 ugly things
  17 vault sentinels
  10 elephants (Lair:6)
  A frost giant skeleton (Depths:1)
  3 centaur zombies
  An ice statue (IceCv)
  2 smoke demons
  2 naga magi
  13 spiny frogs
  5 black mambas
  4 torpor snails
  A komodo dragon (shapeshifter) (Vaults:3)
  A rime drake (shapeshifter) (Vaults:1)
  A yaktaur (shapeshifter) (Depths:3)
  80 yaktaurs
  5 freezing wraiths
  9 komodo dragons
  2 efreet
  20 demonic crawlers
  A queen bee (Spider:1)
  A red devil (Gauntlet)
  11 trolls
  5 tengu conjurers
  A queen bee (shapeshifter) (Vaults:1)
  7 meliai
  15 hornets
  35 jumping spiders
  22 polar bears
  8 bog bodies
  12 tyrant leeches
  A tengu simulacrum (Vaults:2)
  4 dream sheep (Lair:6)
  A hornet (shapeshifter) (Depths:4)
  26 slime creatures
  14 blink frogs
  16 hippogriffs
  A large abomination (Abyss:4)
  A centaur simulacrum (D:15)
  A spriggan (shapeshifter) (Depths:3)
  2 shadows
  61 yaks
  80 redbacks
  A fire dragon skeleton (Depths:1)
  3 spriggans
  A human (D:7)
  20 tarantellas
  8 water elementals
  4 wyverns
  2 vampires
  A yaktaur simulacrum (Vaults:1)
  4 basilisks
  6 hogs
  2 wraiths
  2 hungry ghosts
  A steam dragon (shapeshifter) (Vaults:3)
  13 vampire mosquitoes
  10 swamp worms
  5 wargs
  A naga (Depths:2)
  15 insubstantial wisps
  2 acid dragons
  10 water moccasins
  6 porcupines
  11 hell hounds (Depths:5)
  3 floating eyes
  49 orc warriors
  3 ice beasts
  3 sky beasts
  An ettin simulacrum (Vaults:3)
  An eye of draining (D:15)
  11 swamp drakes
  4 black bears
  An eye of draining (shapeshifter) (Vaults:4)
  3 necrophages
  3 phantoms
  A boggart (shapeshifter) (Vaults:5)
  A fire dragon simulacrum (Depths:1)
  14 wolves
  36 ogres
  15 boggarts
  28 centaurs
  19 crocodiles
  3 big kobolds
  17 bullfrogs
  4 earth elementals (Spider:3)
  A wyvern zombie (D:9)
  2 wyvern skeletons (D:13)
  10 scorpions
  32 killer bees
  20 wights
  2 electric eels
  A howler monkey (D:5)
  11 crimson imps
  2 bullfrog zombies
  A quasit (D:7)
  5 hounds
  4 centaur skeletons
  24 orc priests
  3 bullfrog skeletons
  5 jellies
  2 iguanas
  Ijyb (D:3)
  29 orc wizards
  9 worker ants
  A hound skeleton (D:4)
  2 worker ant zombies (D:10)
  10 adders
  3 shadow imps
  12 white imps (Lair:4)
  3 adder zombies
  2 adder skeletons
  2 worms
  3 dart slugs
  5 leopard geckos
  134 orcs
  8 giant cockroaches
  15 goblins
  9 hobgoblins
  10 jackals
  4 quokkas
  9 bats
  7 frilled lizards
  6 kobolds
  A quokka skeleton (D:7)
  2 quokka zombies (D:6)
  15 rats
  2 briar patches (Swamp:1)
  A crawling corpse (Vaults:3)
  A demonic plant (Gauntlet)
  3 plants (Lair:6)
2026 creatures vanquished.

Vanquished Creatures (collateral kills)
  3 tarantellas (Spider:4)
  3 redbacks (Spider:4)
6 creatures vanquished.

Vanquished Creatures (others)
  An ironheart preserver (Vaults:5)
  An ironbrand convoker (Vaults:3)
  2 yaktaurs
  A queen bee (shapeshifter) (Vaults:4)
  A hornet (Vaults:5)
  A redback (Spider:4)
  2 boggarts
  3 orcs (Vaults:5)
  A briar patch (Swamp:1)
  3 demonic plants (Gauntlet)
  3 fungi
  8 plants
27 creatures vanquished.

Grand Total: 2059 creatures vanquished

Notes
Turn   | Place    | Note
-------+----------+-------------------------------------------
     0 | D:1      | theswoord the Minotaur Fighter began the quest for the Orb.
     0 | D:1      | Reached XP level 1. HP: 19/19 MP: 0/0
    90 | D:1      | Reached XP level 2. HP: 26/26 MP: 1/1
   502 | D:1      | Reached XP level 3. HP: 31/31 MP: 2/2
  1402 | D:3      | Noticed Ijyb
  1416 | D:3      | Reached XP level 4. HP: 38/39 MP: 3/3
  1428 | D:3      | Reached skill level 5 in Shields
  1433 | D:3      | Killed Ijyb
  1495 | D:3      | Reached XP level 5. HP: 20/45 MP: 4/4
  1705 | D:3      | Found a faded altar of an unknown god.
  2132 | D:4      | Reached skill level 5 in Long Blades
  2250 | D:4      | Noticed a hippogriff
  2259 | D:4      | Killed a hippogriff
  2259 | D:4      | Reached XP level 6. HP: 42/51 MP: 5/5
  2511 | D:4      | Reached XP level 7. HP: 52/57 MP: 6/6
  2533 | D:4      | Found a burning altar of Makhleb.
  3174 | D:5      | Entered Level 5 of the Dungeon
  3348 | D:5      | Reached XP level 8. HP: 39/64 MP: 7/7
  3653 | D:5      | Found a snail-covered altar of Cheibriados.
  3675 | D:5      | Found a stormy altar of Qazlal.
  3681 | D:5      | Found a shattered altar of Ashenzari.
  3956 | D:6      | Found a shadowy altar of Dithmenos.
  4140 | D:6      | Got a faintly glowing great sword
  4148 | D:6      | Identified the +4 great sword of Greatest Utility {drain,
                  | MR+ Str+4 Int+3} (You found it on level 6 of the Dungeon)
  4589 | D:7      | Noticed a hornet
  4591 | D:7      | Paralysed by a hornet for 1 turns
  4596 | D:7      | Killed a hornet
  4596 | D:7      | Reached skill level 4 in Fighting
  4596 | D:7      | Reached skill level 10 in Long Blades
  4822 | D:7      | Found a runed translucent door.
  4827 | D:7      | Noticed EriolAelfwine's ghost (novice MfSk)
  4920 | D:7      | Killed EriolAelfwine's ghost
  4920 | D:7      | Reached skill level 5 in Fighting
  4920 | D:7      | Reached XP level 9. HP: 74/74 MP: 8/8
  4998 | D:7      | Found a staircase to the Ecumenical Temple.
  5010 | Temple   | Entered the Ecumenical Temple
  5018 | Temple   | Became a worshipper of the Wu Jian Council
  5211 | D:7      | Found a blossoming altar of Fedhas.
  5223 | D:7      | Reached skill level 6 in Fighting
  5308 | D:7      | Reached skill level 7 in Fighting
  5634 | D:8      | Reached XP level 10. HP: 77/86 MP: 9/9
  5661 | D:8      | Noticed Erica
  5670 | D:8      | Killed Erica
  5670 | D:8      | Reached skill level 8 in Fighting
  5797 | D:8      | Reached * piety under Wu Jian
  6030 | D:8      | Found a basalt altar of Yredelemnul.
  6031 | D:8      | Found a sacrificial altar of Ru.
  6377 | D:9      | Reached skill level 9 in Fighting
  6384 | D:9      | Reached ** piety under Wu Jian
  6397 | D:9      | Found a staircase to the Orcish Mines.
  6479 | D:9      | Found Adaj Gip's Weapon Shop.
  6544 | D:9      | Noticed a two-headed ogre
  6551 | D:9      | Killed a two-headed ogre
  6784 | D:10     | Entered Level 10 of the Dungeon
  6802 | D:10     | Reached skill level 15 in Long Blades
  6802 | D:10     | Reached XP level 11. HP: 94/99 MP: 10/10
  6853 | D:10     | Reached skill level 10 in Fighting
  7365 | D:10     | Reached *** piety under Wu Jian
  7791 | D:10     | Found a staircase to the Lair.
  7816 | Lair:1   | Entered Level 1 of the Lair of Beasts
  7998 | Lair:1   | Reached skill level 11 in Fighting
  8451 | Lair:2   | Found a staircase to the Swamp.
  8590 | Lair:2   | Reached **** piety under Wu Jian
  8777 | Lair:2   | Noticed a six-headed hydra
  8926 | Lair:2   | HP: 5/104 [nine-headed hydra (4)]
  9423 | Lair:2   | Reached XP level 12. HP: 108/111 MP: 11/11
  9540 | Lair:2   | Killed a nine-headed hydra
  9774 | Lair:3   | Reached skill level 12 in Fighting
 10306 | Lair:3   | Noticed an eight-headed hydra
 10317 | Lair:3   | Killed a ten-headed hydra
 10773 | Lair:3   | Noticed a death yak
 10773 | Lair:3   | Noticed a death yak
 10773 | Lair:3   | Noticed a death yak
 10777 | Lair:3   | Killed a death yak
 10787 | Lair:3   | Killed a death yak
 10791 | Lair:3   | Killed a death yak
 11090 | Lair:3   | Reached skill level 13 in Fighting
 11621 | Lair:4   | Found a frozen archway.
 11651 | IceCv    | Entered an ice cave
 12169 | IceCv    | Reached XP level 13. HP: 117/122 MP: 12/12
 12238 | IceCv    | Noticed a frost giant
 12240 | IceCv    | Reached ***** piety under Wu Jian
 12257 | IceCv    | Killed a frost giant
 12565 | IceCv    | Got a shimmering great sword
 12566 | IceCv    | Identified the +8 great sword "Killer Klown's Peril" {elec,
                  | rF++ Str+4 Dex+5} (You found it in an ice cave)
 13085 | Lair:4   | Noticed Nessos
 13098 | Lair:4   | Found a hole to the Spider Nest.
 13101 | Lair:4   | Killed Nessos
 13101 | Lair:4   | Reached skill level 14 in Fighting
 13596 | Lair:4   | Reached skill level 1 in Dodging
 13821 | Lair:4   | Found a blossoming altar of Fedhas.
 14093 | Lair:5   | Noticed Kirke
 14099 | Lair:5   | Killed Kirke
 14099 | Lair:5   | Reached skill level 5 in Armour
 14795 | Lair:6   | Entered Level 6 of the Lair of Beasts
 15007 | Lair:6   | Found a staircase to the Slime Pits.
 15007 | Lair:6   | Found a viscous altar of Jiyva.
 15042 | Lair:6   | Reached skill level 15 in Fighting
 15047 | Lair:6   | Reached skill level 5 in Dodging
 15067 | Lair:6   | Reached XP level 14. HP: 91/135 MP: 13/13
 16145 | Orc:1    | Entered Level 1 of the Orcish Mines
 16529 | Orc:2    | Entered Level 2 of the Orcish Mines
 16530 | Orc:2    | Found a staircase to the Elven Halls.
 16569 | Orc:2    | Reached ****** piety under Wu Jian
 16588 | Orc:2    | Noticed an orc warlord
 16615 | Orc:2    | Killed an orc warlord
 16699 | Orc:2    | Found a roughly hewn altar of Beogh.
 16818 | Orc:2    | Found a roughly hewn altar of Beogh.
 17026 | Orc:2    | Reached skill level 16 in Fighting
 17045 | Orc:2    | Found Nunoenwu's Antique Weapon Boutique.
 17046 | Orc:2    | Found a roughly hewn altar of Beogh.
 17047 | Orc:2    | Found Poumarph's Antique Armour Shop.
 17079 | Orc:2    | Found a roughly hewn altar of Beogh.
 17090 | Orc:2    | Found Rophises's Food Shop.
 17170 | Orc:2    | Found Ybrauloa's Food Shop.
 17202 | Orc:2    | Found a roughly hewn altar of Beogh.
 17302 | Orc:2    | Found a roughly hewn altar of Beogh.
 17773 | D:11     | Found a snail-covered altar of Cheibriados.
 17801 | D:11     | Identified the +1 ring mail "Saotisir" {rN++ MR-}
 17805 | D:11     | Reached skill level 10 in Armour
 18571 | D:12     | Found a gate leading to a gauntlet.
 18575 | Gauntlet | Entered a Gauntlet
 18575 | Gauntlet | Found a transporter.
 18575 | Gauntlet | Found a transporter.
 18580 | Gauntlet | Found a transporter.
 18580 | Gauntlet | Found a transporter.
 18591 | Gauntlet | Found a transporter.
 18598 | Gauntlet | Found a transporter.
 18606 | Gauntlet | Found a transporter.
 18608 | Gauntlet | Found a transporter.
 18608 | Gauntlet | Found a transporter.
 18612 | Gauntlet | Found a transporter.
 18646 | Gauntlet | Found a transporter.
 18692 | Gauntlet | Found a transporter.
 18701 | Gauntlet | Found a transporter.
 18717 | Gauntlet | Found a transporter.
 18818 | Gauntlet | Found a transporter.
 18820 | Gauntlet | Found a large runed translucent door.
 18820 | Gauntlet | Found a large runed translucent door.
 18821 | Gauntlet | Found a large runed translucent door.
 18821 | Gauntlet | Found a large runed translucent door.
 18822 | Gauntlet | Found a runed translucent door.
 18822 | Gauntlet | Found a large runed translucent door.
 18822 | Gauntlet | Found a large runed translucent door.
 18822 | Gauntlet | Found a runed translucent door.
 18822 | Gauntlet | Found a large runed translucent door.
 18822 | Gauntlet | Found a large runed translucent door.
 18823 | Gauntlet | Found a large runed translucent door.
 18823 | Gauntlet | Found a large runed translucent door.
 18826 | Gauntlet | Found a large runed translucent door.
 18826 | Gauntlet | Found a large runed translucent door.
 18828 | Gauntlet | Found a large runed translucent door.
 18828 | Gauntlet | Found a large runed translucent door.
 18828 | Gauntlet | Found a large runed translucent door.
 18830 | Gauntlet | Found a runed translucent gate.
 18830 | Gauntlet | Found a runed translucent gate.
 18830 | Gauntlet | Found a runed translucent gate.
 18832 | Gauntlet | Found a transporter.
 18843 | Gauntlet | Found a large runed translucent door.
 19174 | Gauntlet | Reached XP level 15. HP: 107/145 MP: 14/14
 19192 | Gauntlet | Got a vibrating pewter ring
 20577 | D:13     | Reached skill level 17 in Fighting
 20591 | D:13     | Reached skill level 10 in Dodging
 20793 | D:13     | Noticed Rupert
 20805 | D:13     | Killed Rupert
 20823 | D:13     | Found a gate to the Vaults.
 21021 | D:14     | Found a viscous altar of Jiyva.
 21229 | D:14     | Identified the ring of Teiromeu {Dex+2 SInv} (You found it
                  | in a Gauntlet)
 21718 | D:15     | Entered Level 15 of the Dungeon
 21840 | D:15     | Found Ycliaf's Antique Armour Shoppe.
 21843 | D:15     | Found Pidac's Weapon Shoppe.
 21845 | D:15     | Found Hofoniah's General Store.
 21848 | D:15     | Bought a twisted chain mail for 313 gold pieces
 21857 | D:15     | Bought a scroll of identify for 38 gold pieces
 21870 | D:15     | Identified the +3 chain mail "Ceor" {*Drain rF++ Slay+2
                  | SInv} (You bought it in a shop on level 15 of the Dungeon)
 21891 | D:15     | Found Noeful's Antique Weapon Emporium.
 21979 | D:15     | Identified a scroll of acquirement
 21982 | D:15     | Got a shimmering iron ring
 21984 | D:15     | Identified the ring of Sairghun {rElec rPois MR+ Int-3}
                  | (You acquired it on level 15 of the Dungeon)
 22330 | D:15     | Found Astegr Qyko's Jewellery Boutique.
 22342 | D:15     | Reached XP level 16. HP: 152/157 MP: 15/15
 22433 | D:15     | Reached skill level 18 in Fighting
 22453 | D:15     | Found a staircase to the Depths.
 22557 | D:15     | Reached skill level 5 in Invocations
 22557 | D:15     | Reached XP level 17. HP: 163/163 MP: 15/19
 22591 | D:15     | Upgraded the game from 0.24.0-29-g8ce449bc06 to
                  | 0.24.0-35-gdb84b6a5db
 22796 | Spider:1 | Entered Level 1 of the Spider Nest
 25080 | Spider:2 | Noticed Donald
 25091 | Spider:2 | Killed Donald
 25737 | Spider:3 | Reached skill level 19 in Fighting
 25777 | Spider:3 | Noticed Jorgrun
 25788 | Spider:3 | Killed Jorgrun
 27010 | Spider:4 | Entered Level 4 of the Spider Nest
 27080 | Spider:4 | Reached skill level 15 in Armour
 27089 | Spider:4 | Reached XP level 18. HP: 88/176 MP: 20/20
 27092 | Spider:4 | Noticed Arachne
 27119 | Spider:4 | Killed Arachne
 27609 | Spider:4 | Noticed Louise
 27637 | Spider:4 | Cast into level 3 of the Abyss (Louise)
 27637 | Abyss:3  | Found a corrupted altar of Lugonu.
 27654 | Abyss:3  | Found a corrupted altar of Lugonu.
 27751 | Spider:4 | Escaped the Abyss
 28492 | Spider:4 | Killed Louise
 29286 | Spider:4 | Got a gossamer rune of Zot
 29692 | Vaults:1 | Entered Level 1 of the Vaults
 29734 | Vaults:1 | Reached skill level 20 in Fighting
 30480 | Vaults:1 | Reached skill level 15 in Dodging
 31090 | Vaults:1 | Reached XP level 19. HP: 149/187 MP: 21/21
 31845 | Vaults:1 | Found Gearoh's Armour Shoppe.
 31973 | Vaults:2 | Found a portal to a secret trove of treasure.
 32000 | Vaults:2 | Found Palul's Food Shop.
 32019 | Vaults:2 | Paralysed by an ogre mage for 4 turns
 32032 | Vaults:2 | Reached skill level 21 in Fighting
 32514 | Vaults:2 | Found a staircase to the Crypt.
 32514 | Vaults:2 | Found an ancient bone altar of Kikubaaqudgha.
 32514 | Vaults:2 | Found a basalt altar of Yredelemnul.
 32647 | Vaults:2 | Found a roughly hewn altar of Beogh.
 34166 | Vaults:3 | Reached XP level 20. HP: 149/198 MP: 22/22
 34745 | Vaults:3 | Reached XP level 21. HP: 45/206 MP: 23/23
 34840 | Vaults:3 | HP: 9/206 [yaktaur captain/bolt (33)]
 35253 | Vaults:3 | Reached skill level 22 in Fighting
 39334 | Swamp:1  | Entered Level 1 of the Swamp
 39732 | Swamp:1  | Reached skill level 23 in Fighting
 40623 | Swamp:2  | Reached XP level 22. HP: 145/220 MP: 24/24
 41974 | Swamp:4  | Entered Level 4 of the Swamp
 41998 | Swamp:4  | Identified the cursed +2 lajatang "Eruashroasa" {drain,
                  | rElec rPois rC++ Dex-4}
 42449 | Swamp:4  | Noticed Bai Suzhen
 42465 | Swamp:4  | Killed Bai Suzhen
 42565 | Swamp:4  | Noticed the 27-headed Lernaean hydra
 42574 | Swamp:4  | Killed the 25-headed Lernaean hydra
 42839 | Swamp:4  | Got a decaying rune of Zot
 43515 | Depths:1 | Entered Level 1 of the Depths
 43515 | Depths:1 | Found a sparkling altar of Nemelex Xobeh.
 43555 | Depths:1 | Lost intelligence.
 44024 | D:15     | Bought a +5 ring of protection for 990 gold pieces
 44081 | Depths:1 | Found a gateway to Hell.
 44597 | Depths:1 | Found Zeroil's Antique Armour Shop.
 44767 | Depths:1 | Found a gateway to a ziggurat.
 45054 | Depths:2 | Paralysed by a great orb of eyes for 3 turns
 45076 | Depths:2 | Reached skill level 24 in Fighting
 45143 | Depths:2 | Found a stormy altar of Qazlal.
 45212 | Depths:2 | Paralysed by a floating eye for 4 turns
 45220 | Depths:2 | Paralysed by a floating eye for 3 turns
 45478 | Depths:2 | Reached XP level 23. HP: 211/229 MP: 25/25
 45666 | Depths:2 | Paralysed by a floating eye for 4 turns
 45676 | Depths:2 | Found a one-way gate leading to the halls of Pandemonium.
 46060 | Depths:2 | Got a scintillating amber ring
 46061 | Depths:2 | Identified the ring "Mupholum" {Ice +Blink rPois MR- Dex+6}
                  | (You found it on level 2 of the Depths)
 46213 | Depths:2 | Got a fine lead ring
 46215 | Depths:2 | Identified the ring of Noh Loukk {+Fly MR+} (You found it
                  | on level 2 of the Depths)
 46302 | Depths:2 | Got a fine pewter ring
 46317 | Depths:2 | Identified the ring of the Distant Future {rF+ MP+9 Int+3}
                  | (You found it on level 2 of the Depths)
 46652 | Depths:3 | You fall into a shaft and drop 1 floor!
 46766 | Depths:3 | You fall into a shaft and drop 2 floors!
 46766 | Depths:5 | Entered Level 5 of the Depths
 47420 | Depths:3 | Reached skill level 25 in Fighting
 48195 | Depths:3 | Reached XP level 24. HP: 128/243 MP: 25/25
 49219 | Depths:4 | Noticed Boris
 49254 | Depths:4 | Killed Boris
 49477 | Depths:4 | Found a one-way gate to the infinite horrors of the Abyss.
 50010 | Depths:5 | Found a gate to the Realm of Zot.
 50432 | Depths:5 | Learned a level 2 spell: Song of Slaying
 50785 | Vaults:5 | Entered Level 5 of the Vaults
 50795 | Vaults:5 | Reached skill level 1 in Charms
 50795 | Vaults:5 | Noticed Mennas
 51004 | Vaults:5 | Noticed Sojobo
 51016 | Vaults:4 | Reached skill level 5 in Charms
 51173 | Vaults:4 | Killed Mennas
 51419 | Vaults:5 | Noticed Mara
 51431 | Vaults:5 | Noticed Jory
 51453 | Vaults:5 | Killed Jory
 51456 | Vaults:5 | Found Foutuv's Weapon Boutique.
 51456 | Vaults:5 | Identified the +9 rapier of Vus Qeuwk {freeze, rF+ rC++
                  | Str+3 Dex+4}
 51650 | Vaults:5 | Killed Sojobo
 51673 | Vaults:5 | Reached XP level 25. HP: 74/253 MP: 25/25
 51726 | Vaults:5 | HP: 7/253 [tengu reaver/bolt of lightning[Sojobo] (35)]
 51726 | Vaults:5 | Mangled by a titan

Skill      XL: |  1  2  3  4  5  6  7  8  9 10 11 12 13 14 15 16 17 18 19 20 21 22 23 24 |
---------------+-------------------------------------------------------------------------+-----
Shields        | 4 5 6 7 8 9 |  9.9
Long Blades    | 3 4 6 8 10 12 15 17 19 20 | 20.0
Fighting       | 5 7 9 11 13 15 16 17 18 19 20 21 23 24 25 | 25.8
Dodging        | 5 9 11 13 15 17 19 20 21 22 | 22.1
Armour         | 7 10 12 13 15 16 18 20 21 22 23 | 23.4
Invocations    | 5 |  5.2
Charms         | 7 |  7.7

Action                   |  1- 3 |  4- 6 |  7- 9 | 10-12 | 13-15 | 16-18 | 19-21 | 22-24 | 25-27 || total
-------------------------+-------+-------+-------+-------+-------+-------+-------+-------+-------++-------
Melee: Long sword        |   128 |   119 |   163 |       |       |       |    25 |    48 |       ||   483
       Headbutt          |    15 |    22 |    61 |   127 |   276 |   267 |   360 |   602 |    11 ||  1741
       Great sword       |       |       |    60 |   456 |   827 |   767 |   888 |  1291 |    24 ||  4313
 Cast: Song of Slaying   |       |       |       |       |       |       |       |       |     1 ||     1
Invok: Lunge             |       |       |     5 |    49 |    82 |    61 |    69 |    76 |     1 ||   343
       Whirlwind         |       |       |       |    42 |    17 |    38 |    12 |    35 |       ||   144
       Serpent's Lash    |       |       |       |     2 |     1 |     5 |     3 |     1 |       ||    12
       Heavenly Storm    |       |       |       |       |     2 |     3 |     3 |     7 |       ||    15
Evoke: Wand              |       |       |       |     9 |     1 |       |       |     5 |       ||    15
  Use: Potion            |       |     2 |     2 |     3 |     6 |     7 |    10 |     8 |     1 ||    39
       Scroll            |       |    11 |     3 |     7 |    12 |     7 |    14 |     9 |     3 ||    66
 Stab: Invisible         |       |       |       |     2 |       |       |       |       |       ||     2
       Distracted        |       |       |       |       |     1 |       |       |     1 |       ||     2
  Eat: Chunk             |     2 |     4 |    10 |    17 |    26 |    15 |    21 |    29 |       ||   124
       Ration            |       |       |       |     1 |     2 |     4 |     3 |     2 |     1 ||    13
Armor: Scale mail        |    48 |    57 |    99 |   210 |   127 |       |       |       |       ||   541
       Chain mail        |       |       |       |       |    74 |   246 |   206 |   533 |     3 ||  1062
Dodge: Dodged            |    41 |    33 |    67 |   247 |   511 |   619 |   648 |  1576 |    22 ||  3764
Block: Shield            |    68 |    71 |    75 |       |       |       |       |       |       ||   214
       Other             |       |       |       |       |    11 |    89 |    75 |    97 |       ||   272
       Reflection        |       |       |       |       |       |     7 |    16 |     6 |       ||    29
       Rpst.: Long sword |     7 |     6 |     8 |       |       |       |     4 |    13 |       ||    38
       Great sword       |       |       |    13 |    46 |   100 |   104 |   129 |   227 |     5 ||   624

Levels and vault maps discovered:
D:1:      dpeg_arrival_ratfight, layout_loops_corners, minmay_octomino_j4
D:2:      layout_basic, first_ration, minmay_misc_feat_secret_circle
D:3:      kennysheep_the_goblin_king, layout_loops_ring,
          chequers_ecumenical_altar_simple_redux
D:4:      layout_basic, kennysheep_mini_moat
D:5:      layout_cave_pods, minitemple
D:6:      layout_loops_corners, nicolae_dithmenos_shadow_blocks
D:7:      layout_loops_ring, fedhas_altar_3, temple_fountains,
          hellmonk_ghost_happy_afterlife, grunt_livestock
D:8:      layout_loops_ring, nicolae_overflow_hidden_temple, uniq_erica
D:9:      layout_cave_pods, orc_0_dummy, serial_shops, shop
D:10:     layout_basic, grunt_lair_entry_orc_guard_hut,
          minmay_misc_feat_pillars, st_stairs_10, minmay_chambers_of_fives
D:11:     layout_basic, basic_altar, minmay_radiant
D:12:     layout_basic, gauntlet_entry_generic
D:13:     layout_rooms, david_vaults_1, uniq_rupert
D:14:     layout_irregular_city, jiyva_altar_1
D:15:     grunt_enter_depths_magical_seal, layout_long_grid, serial_shops, shop,
          shop_coins, shop, shop, shop, minmay_fountain_box, grunt_ministairs_7
Temple:   eino_narrow_crystal_temple
Lair:1:   layout_small_grid, grunt_megastairs_2, infiniplex_staircase_pool_2
Lair:2:   layout_long_grid, skrybe_swamp_entry_bodies,
          eino_small_chamber_without_monster
Lair:3:   layout_layer_cave, infiniplex_staircase_pool
Lair:4:   layout_cave_pods, spider_nest_entry_web_field,
          portal_ice_cave_entry_imps, basic_altar, uniq_nessos
Lair:5:   layout_small_grid, grunt_megastairs_5, uniq_kirke
Lair:6:   due_jungle_book, layout_concentric_octagons, slime_altar_1,
          grunt_megastairs_1
Swamp:1:  layout_falls_marsh, nicolae_swamp_round_clearing
Swamp:2:  layout_basic_swamp, nicolae_swamp_triple_paths
Swamp:3:  layout_falls_marsh, evilmike_swamp_ruin_house_4, swamp_pool4
Swamp:4:  swamp_old_school, layout_basic_swamp, uniq_bai_suzhen
Spider:1: layout_chambers, special_room [special_room_bee], worms_lemuel
Spider:2: layout_spider_delve, uniq_donald
Spider:3: layout_spider_delve, hangedman_stitches_earthworm,
          nicolae_spider_cling_halls, uniq_jorgrun
Spider:4: grunt_spider_rune_parallel, uniq_louise, uniq_arachne
Orc:1:    layout_caves, serial_shops, nicolae_shop_behind_doors,
          gammafunk_ghost_fury_of_okawaru, mines3_lemuel, uniq_maurice
Orc:2:    grunt_orc_community_town_hall, layout_diamond_mine,
          grunt_orc_community_big_house_2, grunt_orc_community_big_house_2,
          grunt_orc_community_house_1, grunt_orc_community_house_3,
          grunt_orc_community_house_2, grunt_orc_community_house_3
Vaults:1: v_misc_1, ontoclasm_vaults_ring_small, vaults_mumra_chevron,
          hangedman_vaults_capsules, v_misc_13, st_squares, vaults_dpeg_doors,
          ontoclasm_vaults_ring_small, grunt_vaults_swirl, vaults_room_corners,
          nicolae_vaults_triangles, vaults_room_pools, dpeg_vaults_monster_box,
          layout_vaults_ring, serial_shops, shop
Vaults:2: hangedman_vaults_slice, ontoclasm_vaults_fault, v_misc_29,
          ontoclasm_vaults_pinch, v_alt_pattern_6, vaults_dpeg_spiral,
          minmay_crypt_entry_necro_gods, v_misc_27,
          hangedman_vaults_stretched_pinwheel, hangedman_vaults_slither,
          nicolae_vaults_windows_and_doors_thing, nicolae_vaults_shelves_hall,
          vaults_room_semicircle, vaults_dpeg_cross, vaults_dpeg_diagonal,
          special_room_vaults [special_room_orc], layout_vaults_omnicross,
          serial_shops, shop, nicolae_trove_entry_crystal
Vaults:3: st_cross, v_misc_26, vaults_mumra_minichess_inversion,
          nicolae_vaults_little_squares_5, grunt_vaults_diagonal, v_misc_30,
          vaults_mumra_hexcomb, nicolae_vaults_border_crossing,
          vaults_mumra_lcd, nicolae_vaults_little_squares_4,
          layout_vaults_chaotic_city
Vaults:4: dpeg_vaults_pockets_of_resistance, vaults_dpeg_ring, v_misc_16,
          hangedman_vaults_nails, v_alt_pattern_1, hangedman_vaults_impose,
          nicolae_vaults_specimen_jars, nicolae_vaults_gold_heap,
          layout_vaults_quadrants
Vaults:5: uniq_sojobo, uniq_mennas, uniq_mara, uniq_saint_roka, uniq_jory
Depths:1: layout_cave_pools, enter_ziggurat_a, marbit_kobold_abyss_entry,
          serial_shops, shop, hell_entry, nemelex_xobeh_ov_fountains_minmay,
          st_stairs_11, chequers_serial_rivers_room_a, minmay_misc_feat_tower,
          kennysheep_crisscross, kennysheep_generic_room_15,
          serial_bayou_shore_b, firewood_loft
Depths:2: hangedman_spin_cycle, hell_entry, pan_entry
Depths:3: cheibrodos_spurs, layout_cave_pools, minmay_misc_feat_roman,
          hell_entry, pan_entry
Depths:4: nicolae_whirlpool, layout_cave_shapes, hangedman_abyss_entry_splay,
          minmay_misc_feat_columns, hell_entry, nicolae_water_bricks, drop_trap,
          kennysheep_small_circle, infiniplex_staircase_x, uniq_boris
Depths:5: grunt_zot_entry_tricorne, layout_cave_pools, grunt_hell_horde,
          minmay_strange_pillars
